 Dungeon Crawl Stone Soup version 0.31-a0-161-gb58dd9be76 (webtiles) character file.

Game seed: 1780412510094575672

5 Moral the Ruffian (level 1, 0/19 HPs)
             Began as a Ghoul Berserker on June 13, 2023.
             Was a Follower of Trog.
             Killed from afar by a dart slug (3 damage)
             ... with a slug dart
             ... on level 1 of the Dungeon.
             The game lasted 00:00:34 (67 turns).

Moral the Ruffian (Ghoul Berserker)                   Turns: 67, Time: 00:00:34

Health: 0/19       AC:  2    Str: 19    XL:     1   Next: 80%
Magic:  0/0        EV:  8    Int:  3    God:    Trog [*.....]
Gold:   30         SH:  0    Dex:  8    Spells: 0/0 levels left

rFire   . .          .
                       - Unarmed
rCold   + . .        (no shield)
rNeg    + + +        a - +0 animal skin
rPois   ∞            (no helmet)
rElec   .            (no cloak)
rCorr   .            (no gloves)
SInv    .            (no boots)
Will    .....        (no amulet)
Stlth   +            (no ring)
HPRegen 0.00/turn    (no ring)
MPRegen 0.07/turn

%: no passive effects
@: inhibited regen, constricted
A: claws 1, cold resistance 1, negative energy resistance 3, inhibited
regeneration, torment resistance 2, devour on kill
a: Renounce Religion


You were on level 1 of the Dungeon.
You worshipped Trog.
Trog was aware of your devotion.
You visited 1 branch of the dungeon, and saw 1 of its levels.

You collected 30 gold pieces.

Inventory:

Armour
 a - a +0 animal skin (worn)


   Skills:
 - Level 3.2 Fighting
 - Level 1.7 Armour
 - Level 1.7 Dodging
 * Level 3.7 Unarmed Combat


You couldn't memorise any spells.
You didn't know any spells.
Your spell library was empty.

Dungeon Overview and Level Annotations

Branches:
Dungeon (1/15)

Altars:


Innate Abilities, Weirdness & Mutations

You are immune to poison.
You have sharp fingernails.
Your flesh is cold resistant. (rC+)
You are immune to negative energy. (rN+++)
You do not regenerate when monsters are visible.
You are immune to unholy pain and torment.
You thrive by killing the living.


Message History

You barely miss the kobold.
The hobgoblin shouts!
You hear an angry hiss.
The dart slug launches a dart at you. The slug dart hits you.
The kobold hits you but does no damage.
You claw the kobold!
You kill the kobold!
Trog accepts your kill. The dart slug launches a dart at you.
The slug dart hits you.
You see here a +0 dagger.
You scratch the hobgoblin.
You kill the hobgoblin!
Trog accepts your kill.
You feel better.
A rat comes into view.
The dart slug launches a dart at you. The slug dart hits you.
* * * LOW HITPOINT WARNING * * *
A ball python comes into view.
The ball python hisses angrily.
The rat bites you.
* * * LOW HITPOINT WARNING * * *
You claw the rat!
You kill the rat!
Trog accepts your kill.
You feel better.
A kobold and an endoplasm come into view.
Found 5 gold pieces.
The kobold shouts!
You scratch the dart slug.
The dart slug is lightly wounded.
You barely miss the dart slug.
The dart slug is lightly wounded.
The dart slug closely misses you. The ball python barely misses you.
The ball python grabs you. The ball python constricts you.
You claw the dart slug!
The dart slug is almost dead.
The dart slug launches a dart at you. The slug dart hits you.
You die...

.........#
.........#$ ..
...... ## .. ....
. #K###.# .#
+#####.#...###.#
.......#w#.....###
#.S@..)..#...
...J.....#.#.#...
.####..#.#.#.#..
#......#.#.#..
###...##.#.#.#
.... ..#.#.# #.#
.#... ###.#.# #.#
...... #.#)###.# .
# #....##.# ###


You could see a dart slug, an endoplasm, a ball python and a kobold.

Vanquished Creatures
  A giant cockroach (D:1)
  A hobgoblin (D:1)
  3 kobolds (D:1)
  A rat (D:1)
6 creatures vanquished.

Notes
Turn   | Place    | Note
-------+----------+-------------------------------------------
     0 | D:1      | Moral the Ghoul Berserker began the quest for the Orb.
     0 | D:1      | Reached XP level 1. HP: 19/19 MP: 0/0
    67 | D:1      | Killed from afar by a dart slug

Illustrated notes

Levels and vault maps discovered:
D:1:      scummos_arrival_simple_fountains, layout_basic

Action                     || total
---------------------------++-------
  Melee: Unarmed           ||    15
 Armour: Animal skin       ||     2
  Dodge: Dodged            ||     6

Table legend: (Time is in decaauts)
 A = Elapsed time spent in this place.
 B = Non-inter-level travel time spent in this place.
 C = Inter-level travel time spent in this place.
 D = Time resting spent in this place.
 E = Time spent auto-exploring this place.
 F = Levels seen in this place.
 G = Mean time per level.
                   A        B        C        D        E       F      G
               +--------+--------+--------+--------+--------+-----+--------+
         Total |     66 |     66 |      0 |      0 |     34 |   1 |   66.0 |
       Dungeon |     66 |     66 |      0 |      0 |     34 |   1 |   66.0 |
               +--------+--------+--------+--------+--------+-----+--------+

Top non-repeatable levels by time:
     D:1: 66 daAuts
